 Dungeon Crawl Stone Soup version 0.31-a0-675-g238779eb0a (console) character file.

Game seed: 17825106272789607823

308819 badplayer the Bewitcher (level 20, -16/148 HPs)
             Began as a Demonspawn Monk on Sept 4, 2023.
             Was the Champion of Hepliaklqana.
             Demolished by an Executioner (21 damage)
             ... on level 2 of the Abyss on Sept 5, 2023.
             The game lasted 03:25:26 (55677 turns).

badplayer the Bewitcher (Demonspawn Monk)          Turns: 55677, Time: 03:25:26

Health: -16/148    AC: 12    Str: 11    XL:     20   Next: 70%
Magic:  0/29       EV: 24    Int: 15    God:    Hepliaklqana [******]
Gold:   4476       SH: 11    Dex: 15    Spells: 18/45 levels left

rFire   + . .        a - +1 dagger (elec)
rCold   + . .        W - +0 buckler {rF+}
rNeg    . . .        B - +2 robe {rC+}
rPois   .            Q - +2 hat
rElec   .            L - scarf "Utsat" {repulsion, Slay+2}
rCorr   .            d - +2 pair of gloves {Str+3}
SInv    .            (no boots)
Will    +....        R - amulet of magic regeneration Stlth
                     J - +4 ring of protection
HPRegen 0.44/turn    m - +5 ring of evasion
MPRegen 0.82/turn

%: random rage (9%), repel missiles, guardian spirit
@: mighty, berserking, hasted, very quick
A: reduced essence, hooves 2, large bone plates 2, magic shield, magic
regeneration, magic link, demonic magic 3, deformed body, dopey 1, [berserk 2],
[clumsy 2], [frail 3], [low MP 2], ([teleportitis 2]), [weak 2], [inability to
drink after injury 2], [inability to read after injury 2]
}: 1/15 runes: barnacled
a: Renounce Religion, Recall Ancestor, Ancestor Identity, Transference, Idealise


You were on level 2 of the Abyss.
You worshipped Hepliaklqana.
Hepliaklqana was exalted by your worship.
You visited 7 branches of the dungeon, and saw 35 of its levels.
You visited the Abyss 1 time.
You visited 1 bazaar.
You also visited: Bailey and Desolation.

You collected 6286 gold pieces.
You spent 1810 gold pieces at shops.

Inventory:

Hand Weapons
 a - a +1 dagger of electrocution (weapon)
 h - a +0 rapier of speed
Missiles
 b - 8 curare-tipped darts
 i - a throwing net (quivered)
Armour
 d - a +2 pair of gloves of strength (worn)
 t - an orb of guile
 B - a +2 robe of cold resistance (worn)
 L - the scarf "Utsat" (worn) {repulsion, Slay+2}
   (You acquired it on level 1 of the Spider Nest)

   Slay+2:    It affects your accuracy & damage with ranged weapons and melee
   (+2).
 Q - a +2 hat (worn)
 W - a +0 buckler of fire resistance (worn)
Jewellery
 e - the ring "Ujeimnit" {rElec rN+ rCorr}
   (You took it off a merfolk javelineer on level 4 of the Shoals)

   [ring of resist corrosion]

   rElec:     It insulates you from electricity.
   rN+:       It protects you from negative energy.
   rCorr:     It protects you from acid and corrosion.
 m - a +5 ring of evasion (right hand)
 n - the ring of Equivalence {rF+ rC+ rN++ MP+9 Dex-2 Stlth+}
   (You found it in the Desolation of Salt)

   [ring of magical power]

   Dex-2:     It affects your dexterity (-2).
   rF+:       It protects you from fire.
   rC+:       It protects you from cold.
   rN++:      It greatly protects you from negative energy.
   MP+9:      It affects your magic capacity (+9).
   Stlth+:    It makes you more stealthy.
 H - the ring "Nyh Ined" {Drain rC++ rN+ rCorr Dex+4}
   (You found it on level 5 of the Lair of Beasts)

   [ring of positive energy]

   Dex+4:     It affects your dexterity (+4).
   rC++:      It greatly protects you from cold.
   rN+:       It protects you from negative energy.
   rCorr:     It protects you from acid and corrosion.
   Drain:     It drains your maximum health when unequipped.
 J - a +4 ring of protection (left hand)
 O - the ring of Xom's Amusement {Str+6 Int+6}
   (You acquired it on level 2 of the Lair of Beasts)

   [ring of strength]

   Str+6:     It affects your strength (+6).
   Int+6:     It affects your intelligence (+6).
 P - the ring "Omacwib" {Fly rC++}
   (You took it off an orc wizard on level 7 of the Dungeon)

   [ring of flight]

   rC++:      It greatly protects you from cold.
   Fly:       It grants you flight.
 R - an amulet of magic regeneration (around neck)
Wands
 o - a wand of polymorph (10)
 w - a wand of digging (7)
 D - a wand of paralysis (17)
 F - a wand of iceblast (14)
 G - a wand of mindburst (45)
Scrolls
 g - a scroll of butterflies
 k - 8 scrolls of teleportation
 l - a scroll of enchant armour
 r - 4 scrolls of silence
 s - 3 scrolls of fog
 v - a scroll of revelation
 z - 6 scrolls of fear
 N - 4 scrolls of blinking
 X - 2 scrolls of vulnerability
 Y - 3 scrolls of brand weapon
Potions
 c - 14 potions of ambrosia
 f - a potion of heal wounds
 j - 4 potions of mutation
 q - 11 potions of curing
 u - 5 potions of berserk rage
 A - 6 potions of might
 C - 4 potions of resistance
 I - 2 potions of invisibility
 K - 5 potions of brilliance
 M - a potion of cancellation
 S - a potion of haste
 V - 2 potions of magic
 Z - 6 potions of enlightenment
Miscellaneous
 p - a sack of spiders (inert)
 y - a phial of floods
 E - a lightning rod (4/4)


   Skills:
 - Level 16.3 Fighting
 + Level 11.8 Short Blades
 - Level 3.0 Armour
 - Level 13.5 Dodging
 - Level 14.1 Stealth
 - Level 5.8 Shields
 - Level 13.0 Spellcasting
 - Level 2.2 Conjurations
 - Level 18.0 Hexes
 - Level 4.0 Necromancy
 - Level 4.2 Translocations
 - Level 4.4 Air Magic
 - Level 4.0 Poison Magic
 + Level 12.3 Invocations
 - Level 9.6 Evocations


You had 18 spell levels left.
You knew the following spells:

 Your Spells              Type           Power      Damage    Failure   Level
a - Ensorcelled Hibernat  Hex/Ice        72%        N/A       1%          2
b - Confusing Touch       Hex            59%        N/A       1%          3
c - Mephitic Cloud        Conj/Pois/Air  20%        N/A       7%          3
d - Blink                 Tloc           44%        N/A       2%          2
e - Apportation           Tloc           44%        N/A       1%          1
f - Swiftness             Air            23%        N/A       4%          3
g - Passwall              Tmut/Erth      7%         N/A       14%         2
h - Anguish               Hex/Necr       21%        N/A       1%          4
i - Enfeeble              Hex            29%        N/A       4%          7

Your spell library contained the following spells:

 Spells                   Type           Power      Damage    Failure   Level
 Necrotise                Necr           84%        1d8       1%          1
 Inner Flame              Hex/Fire       36%        N/A       1%          3
 Portal Projectile        Hex/Tloc       86%        N/A       1%          3
 Tukima's Dance           Hex            59%        N/A       1%          3
 Cause Fear               Hex            29%        N/A       1%          4
 Fulminant Prism          Conj/Hex       20%        3d12      1%          4
 Kiss of Death            Conj/Necr      76%        2d11      2%          1
 Shock                    Conj/Air       76%        1d7       2%          1
 Cigotuvi's Dreadful Rot  Necr/Pois/Air  44%        N/A       2%          2
 Lesser Beckoning         Tloc           44%        N/A       2%          2
 Poisonous Vapours        Pois/Air       44%        N/A       2%          2
 Sublimation of Blood     Necr           21%        N/A       2%          2
 Silence                  Hex/Air        21%        N/A       2%          5
 Magic Dart               Conj           64%        1d6       3%          1
 Momentum Strike          Conj/Tloc      38%        3d9       3%          2
 Teleport Other           Tloc           22%        N/A       4%          3
 Foxfire                  Conj/Fire      52%        2x1d6     6%          1
 Summon Mana Viper        Hex/Summ       36%        N/A       7%          5
 Yara's Violent Unravell  Hex/Tmut       18%        3d9       7%          5
 Sandblast                Erth           18%        2d7       10%         1
 Summon Small Mammal      Summ           36%        N/A       10%         1
 Call Imp                 Summ           18%        N/A       14%         2
 Scorch                   Fire           18%        2d5       14%         2
 Wereblood                Tmut           9%         N/A       14%         2
 Airstrike                Air            11%        2d(2-18)  16%         4
 Vhi's Electric Charge    Tloc/Air       44%        N/A       16%         4
 Ignite Poison            Fire/Tmut/Pois 13%        N/A       17%         3
 Manifold Assault         Tloc           22%        N/A       17%         4
 Passage of Golubria      Tloc           22%        N/A       17%         4
 Hailstorm                Conj/Ice       13%        3d5       19%         3
 Animate Dead             Necr           21%        N/A       19%         4
 Dispel Undead            Necr           21%        3d11      19%         4
 Olgreb's Toxic Radiance  Pois           22%        N/A       19%         4
 Iskenderun's Mystic Bla  Conj/Tloc      19%        2d6       26%         4
 Discord                  Hex            29%        N/A       36%         8
 Sticky Flame             Conj/Fire      13%        2d4       52%         4
 Arcjolt                  Conj/Air       9%         1d19      56%         5
 Animate Armour           Summ/Erth      18%        N/A       67%         4
 Summon Ice Beast         Ice/Summ       9%         N/A       67%         4
 Freezing Cloud           Conj/Ice/Air   8%         6-21      71%         5
 Iskenderun's Battlesphe  Conj           16%        2d7       71%         5
 Alistair's Intoxication  Tmut/Pois      10%        N/A       75%         5
 Fireball                 Conj/Fire      6%         3d5       86%         5
 Lee's Rapid Deconstruct  Erth           4%         3d5*      95%         5
 Death Channel            Necr           10%        N/A       96%         6
 Plasma Beam              Fire/Air       8%         2x1d18    99%         6
 Leda's Unmaking          Conj/Erth      6%         9d2       100%        6
 Starburst                Conj/Fire      6%         6d4       100%        6
 Haunt                    Necr/Summ      7%         N/A       100%        7
 Malign Gateway           Summ/Tloc      8%         N/A       100%        7
 Monstrous Menagerie      Summ           4%         N/A       100%        7
 Orb of Destruction       Conj           8%         9d6       100%        7
 Spellforged Servitor     Conj/Summ      6%         N/A       100%        7
 Summon Hydra             Summ           4%         N/A       100%        7
 Disjunction              Tloc           11%        N/A       100%        8
 Ignition                 Fire           4%         3d4       100%        8
 Lehudib's Crystal Spear  Conj/Erth      6%         10d3      100%        8
 Summon Horrible Things   Summ           4%         N/A       100%        8
 Chain Lightning          Conj/Air       9%         3d12      100%        9
 Shatter                  Erth           4%         3d8*      100%        9


Dungeon Overview and Level Annotations

Branches:
Dungeon (15/15)            Temple (0/1) D:7            Lair (5/5) D:8
 Shoals (4/4) Lair:2       Spider (2/4) Lair:2          Orc (2/2) D:9
    Elf (3/3) Orc:2        Vaults (4/5) D:14          Crypt (0/3) Vaults:2
 Depths (0/4) D:15         Bailey (visited)         Desolation (visited)
  Slime: Lair:4-5

Altars:
Dithmenos
Fedhas
Hepliaklqana
Kikubaaqudgha
Nemelex Xobeh
Okawaru
Qazlal
Ru
Sif Muna
Uskayaw
Vehumet
Wu Jian
Yredelemnul

Shops:
D:13 :   Orc:2 :[(*   Elf:1 :   Shoals:2 *   Shoals:3 :   Vaults:3 [

Annotations:
D:2 Sigmund
D:11 Nergalle
Lair:4 exclusion: 2 oklob plants
Lair:5 exclusion: obsidian statue
Shoals:3 Roxanne
Spider:2 Arachne
Elf:1 6 runed translucent doors
Elf:2 3 runed translucent doors


Innate Abilities, Weirdness & Mutations

Your life essence is reduced to manifest your ancestor. (-10% HP)
You have hoof-like feet.
You are mostly covered in large bone plates. (SH +6)
When hurt, damage is shared between your health and your magic reserves.
You regenerate magic rapidly.
When low on magic, you restore magic in place of health.
Spells you cast and wands you use may paralyse nearby enemies.
Armour fits poorly on your strangely shaped body.
You are dopey. (Int -2)
[You have an uncontrollable temper.]
[You are very clumsy. (Dex -4)]
[You are extremely frail. (-30% HP)]
[Your magical capacity is very low. (-20% MP)]
[((You are often teleported next to monsters.))]
[You are very weak. (Str -4)]
[You sometimes lose the ability to drink potions when taking damage.]
[You sometimes lose the ability to read scrolls when taking damage.]


Message History

The Executioner is heavily wounded.
The Executioner hits you!!
The Executioner hits you but does no damage.
The Executioner hits you!
You puncture the Executioner!
The Executioner is severely wounded.
You block the Executioner's attack. The Executioner misses you.
The Executioner completely misses you.
You hit the Executioner but do no damage.
Your kick misses the Executioner.
The Executioner is heavily wounded.
The Executioner barely misses you. The Executioner completely misses you.
You block the Executioner's attack.
You closely miss the Executioner.
The Executioner is heavily wounded.
The Executioner hits you! You block the Executioner's attack. x2
You puncture the Executioner! Your kick misses the Executioner.
The Executioner is severely wounded.
The Executioner hits you but does no damage.
The Executioner barely misses you.
The Executioner hits you but does no damage.
The Executioner hits you!!
* * * LOW HITPOINT WARNING * * *
You block the Executioner's attack.
The Executioner hits you but does no damage.
You hit the Executioner. Your kick misses the Executioner.
The Executioner is severely wounded.
The Executioner hits you!
* * * LOW HITPOINT WARNING * * *
The Executioner hits you but does no damage. x2
You hit the Executioner but do no damage.
Your kick misses the Executioner.
The Executioner is severely wounded.
The Executioner hits you!!
* * * LOW HITPOINT WARNING * * *
You block the Executioner's attack. The Executioner misses you.
You hit the Executioner. You kick the Executioner.
The Executioner is almost dead.
The Executioner hits you!!
You die...

. ...# . #. .
.# .. . # . #
. #.# # .## #
. .#. #. . .
. # . ##
#..## # # #
..# . #. ##.#
. .#
.##.###..# .#
# # .
#...#..##....
. #.@14...#
##
#..######.##
. #..#.## .
##..#.# .. .
#.#..# ..# #.
#. ## # #.
#.# .. # # .
#


1 You could see an Executioner (fast) and an ice devil.

Vanquished Creatures
  Mennas (Vaults:2)
  Mlioglotl (Shoals:4)
  Polyphemus (Shoals:3)
  A tengu reaver (Vaults:4)
  13 vault wardens
  2 emperor scorpions (Lair:2)
  2 deep elf sorcerers
  A deep elf elementalist (Elf:3)
  19 ironbound preservers
  3 orc warlords
  A broodmother (Lair:2)
  A very ugly thing (Vaults:4)
  A formless jellyfish (Vaults:4)
  A war gargoyle (Vaults:2)
  11 dire elephants
  4 deep elf demonologists
  Nessos (D:12)
  6 ironbound thunderhulks
  4 halazid warlocks (Desolation)
  3 merfolk javelineers (Shoals:4)
  A deep elf death mage (Elf:1)
  2 ettins (Vaults:1)
  5 merfolk impalers
  Josephine (D:12)
  12 yaktaur captains
  An entropy weaver (shapeshifter) (D:13)
  A crystal guardian (Desolation)
  10 vault guards
  3 entropy weavers
  2 ragged hierophants (Desolation)
  3 great orbs of eyes
  An ogre mage (D:14)
  A hydra (Lair:3)
  11 peacekeepers
  A radroach (Spider:2)
  6 ironbound frosthearts
  3 catoblepae
  3 boulder beetles
  3 servants of whispers
  Erica (Orc:1)
  10 centaur warriors
  5 alligator snapping turtles
  2 satyrs (Shoals:3)
  4 merfolk avatars
  4 merfolk aquamancers
  6 death yaks
  7 orc high priests
  2 tengu warriors
  A sphinx skeleton (Vaults:3)
  2 demonic crawlers
  4 dancing weapons (Elf:2)
  A titan zombie (Vaults:4)
  A wretched star (Abyss:2)
  5 deep elf knights
  A pharaoh ant (Lair:2)
  4 skysharks
  A spectral death yak (Lair:5)
  Lodul (D:12)
  A spectral anaconda (Lair:5)
  7 skeletal warriors
  2 orb spiders
  41 deep trolls
  A phantasmal warrior (Vaults:2)
  4 sea snakes
  Pikel (D:9)
  6 wizards
  5 deep elf archers
  A large abomination (Abyss:2)
  6 orc knights
  7 lindwurms
  2 necromancers
  6 deep elf pyromancers
  A steelbarb worm (Spider:2)
  6 harpies
  7 deep elf zephyrmancers
  5 wolf spiders
  18 ironbound convokers
  8 ugly things
  5 orc sorcerers
  A salamander (D:15)
  A worldbinder (Abyss:2)
  2 cyclopes
  10 manticores
  8 fauns (Shoals:3)
  Joseph (D:7)
  2 black mambas (shapeshifter) (D:14)
  Maurice (D:13)
  13 elephants
  3 merfolk sirens (Shoals:3)
  2 human skeletons
  A guardian serpent (Desolation)
  8 water nymphs
  3 black mambas
  2 torpor snails
  The ghost of KimchiStew the Basher, a novice DgFi (D:6)
  12 vault sentinels
  An elf skeleton (Vaults:3)
  Jeremiah (D:6)
  9 cane toads
  2 rime drakes
  29 yaktaurs
  A kobold demonologist (D:7)
  2 unseen horrors (D:12)
  An unseen horror zombie (D:9)
  A yaktaur skeleton (Vaults:3)
  3 komodo dragons
  2 trolls
  A tyrant leech (Lair:2)
  17 merfolk
  2 polar bears (Lair:5)
  A harpy zombie (Abyss:2)
  12 tarantellas
  24 saltlings
  A hornet (D:9)
  5 wind drakes
  14 blink frogs
  A spectral elephant (Lair:5)
  4 snapping turtles
  23 jumping spiders
  34 slime creatures
  A flying skull (Abyss:2)
  3 air elementals (Shoals:4)
  8 culicivoras
  2 shadows
  2 wyverns
  A dire elephant simulacrum (Lair:5)
  A yak (shapeshifter) (D:14)
  A vampire (D:12)
  7 wraiths
  3 water elementals
  12 yaks
  5 basilisks
  A basilisk (shapeshifter) (Elf:2)
  A fire elemental (Elf:1)
  4 vampire mosquitoes (D:12)
  A steam dragon (Lair:4)
  20 redbacks
  3 death yak simulacra (Lair:5)
  A neqoxec (Abyss:2)
  3 swamp worms (Lair:2)
  4 wargs
  Menkaure (D:6)
  An acid dragon (D:11)
  10 water moccasins
  A black bear (Lair:3)
  28 orc warriors
  2 elephant zombies (Lair:5)
  4 ice beasts
  2 sky beasts
  A boggart (Vaults:2)
  6 centaurs
  14 ogres
  2 wolves (Lair:3)
  3 elephant skeletons (Lair:5)
  3 kobold brigands
  4 bullfrogs
  A glowing shapeshifter simulacrum (Vaults:3)
  An earth elemental (Elf:1)
  2 cane toad simulacra (Lair:5)
  12 wights
  An elephant simulacrum (Lair:5)
  A human simulacrum (Vaults:4)
  33 killer bees
  5 howler monkeys
  A quasit (Abyss:2)
  3 centaur zombies (D:9)
  4 hounds
  2 jellies (D:7)
  14 orc priests
  A human zombie (D:9)
  21 orc wizards
  5 hexers
  A mummy (D:9)
  2 howler monkey zombies (D:9)
  2 adders
  10 gnolls
  A shadow imp (D:8)
  A white imp (D:8)
  2 dart slugs (D:3)
  48 orcs
  A ball python (D:3)
  9 bats
  2 endoplasms
  4 giant cockroaches
  14 goblins
  6 hobgoblins
  10 jackals
  4 quokkas
  2 frilled lizards
  12 kobolds
  7 rats
1022 creatures vanquished.

Vanquished Creatures (collateral kills)
  A titan (Shoals:4)
  Aizul (Vaults:4)
  A vault warden (Vaults:3)
  A ghost moth (Spider:2)
  3 ironbound preservers
  A deep elf demonologist (Elf:2)
  2 halazid warlocks (Desolation)
  2 dire elephants
  A deep elf high priest (Elf:1)
  A merfolk impaler (Shoals:2)
  A ragged hierophant (Desolation)
  A deep elf death mage (Elf:1)
  2 merfolk javelineers (Shoals:4)
  A great orb of eyes (Vaults:2)
  A servant of whispers (Desolation)
  Fannar (D:12)
  An entropy weaver (Spider:1)
  2 peacekeepers
  2 hydras
  2 merfolk avatars
  An ironbound frostheart (Vaults:1)
  6 dancing weapons
  A merfolk aquamancer (Shoals:4)
  2 centaur warriors
  3 boulder beetles
  3 death yaks
  A deep troll earth mage (Vaults:3)
  An orc high priest (Orc:2)
  4 deep elf knights
  A sixfirhy (Abyss:2)
  A skeletal warrior (D:14)
  8 deep trolls
  A sea snake (Shoals:4)
  A phantasmal warrior (Vaults:2)
  A wizard (Vaults:1)
  3 lindwurms
  4 orc knights
  3 ironbound convokers
  6 harpies
  4 deep elf pyromancers
  A deep elf archer (Elf:2)
  5 ugly things
  3 necromancers
  3 deep elf zephyrmancers
  2 manticores
  4 wolf spiders
  4 fauns
  4 elephants
  6 merfolk sirens
  A vault sentinel (Vaults:1)
  A black mamba (Lair:1)
  A torpor snail (Spider:2)
  8 water nymphs
  6 cane toads
  A yaktaur zombie (Vaults:4)
  A rime drake (Lair:3)
  3 komodo dragons
  3 yaktaurs
  A komodo dragon (shapeshifter) (D:10)
  An ancient zyme (Abyss:2)
  A queen bee (Lair:3)
  A troll (D:12)
  2 merfolk
  2 hornets
  3 wind drakes
  5 blink frogs
  3 tarantellas
  Prince Ribbit (D:9)
  16 saltlings
  2 jumping spiders
  A flying skull (Abyss:2)
  15 slime creatures
  4 culicivoras
  A shadow (D:10)
  13 water elementals
  3 air elementals (Shoals:4)
  A wraith (D:11)
  A wyvern (Lair:5)
  8 yaks
  A basilisk (Lair:2)
  6 redbacks
  Edmund (D:6)
  A warg (Orc:1)
  4 water moccasins
  11 orc warriors
  An elephant zombie (Lair:5)
  4 ogres
  2 elephant skeletons (Lair:5)
  A lemure (D:9)
  2 centaurs
  A wolf (Lair:3)
  4 kobold brigands
  2 necrophages (D:9)
  2 scorpions
  2 bullfrogs
  3 gnoll sergeants
  8 wights
  15 killer bees
  2 centaur zombies (D:9)
  3 jellies
  6 orc priests
  4 iguanas
  17 orc wizards
  5 gnolls
  4 adders
  A white imp (D:6)
  An ufetubus (D:5)
  2 dart slugs
  43 orcs
  A bat (D:3)
  A giant cockroach (D:3)
  A goblin (D:8)
  A hobgoblin (D:3)
  A jackal (D:4)
  A quokka (D:4)
  6 kobolds (Bailey)
396 creatures vanquished.

Vanquished Creatures (others)
  An ironbound preserver (Vaults:4)
  2 deep trolls (Vaults:4)
  2 saltlings (Desolation)
  2 fire elementals (Elf:1)
  An orc wizard (Elf:1)
  61 hexers
  An orc (Orc:2)
70 creatures vanquished.

Grand Total: 1488 creatures vanquished

Notes
Turn   | Place    | Note
-------+----------+-------------------------------------------
     0 | D:1      | badplayer the Demonspawn Monk began the quest for the Orb.
     0 | D:1      | Reached XP level 1. HP: 18/18 MP: 1/1
   364 | D:1      | Reached skill level 1 in Stealth
   675 | D:1      | Gained mutation: You have large cloven feet. [demonic
                  | ancestry]
   675 | D:1      | Reached XP level 2. HP: 24/24 MP: 2/2
  1221 | D:2      | Reached XP level 3. HP: 26/29 MP: 3/3
  1273 | D:2      | Found a faded altar of an unknown god.
  1363 | D:2      | Noticed Sigmund
  1685 | D:3      | Found a stormy altar of Qazlal.
  1686 | D:3      | Found a hide-covered altar of Uskayaw.
  1687 | D:3      | Found a hazy altar of Hepliaklqana.
  1754 | D:3      | Became a worshipper of Hepliaklqana the Forgotten
  1754 | D:3      | Reached * piety under Hepliaklqana
  1754 | D:3      | Reached ** piety under Hepliaklqana
  1755 | D:3      | Remembered your ancestor Audrea as a hexer
  2005 | D:3      | Reached XP level 4. HP: 31/31 MP: 1/4
  2843 | D:4      | Reached *** piety under Hepliaklqana
  2859 | D:4      | Reached skill level 1 in Invocations
  2886 | D:5      | Entered Level 5 of the Dungeon
  2891 | D:5      | Noticed a water moccasin
  2896 | D:5      | Reached XP level 5. HP: 33/36 MP: 5/7
  3161 | D:4      | Reached skill level 5 in Invocations
  3310 | D:4      | Found a blossoming altar of Fedhas.
  3399 | D:4      | Reached XP level 6. HP: 36/42 MP: 9/9
  3402 | D:4      | Reached skill level 1 in Armour
  3510 | D:4      | Noticed a water moccasin
  3518 | D:4      | Killed a water moccasin
  4129 | D:5      | Killed a water moccasin
  4130 | D:5      | Gained mutation: You regenerate magic rapidly. [demonic
                  | ancestry]
  4130 | D:5      | Reached XP level 7. HP: 46/46 MP: 10/10
  4329 | D:5      | Reached skill level 5 in Short Blades
  4630 | D:5      | Found a radiant altar of Vehumet.
  4811 | D:5      | Found an ornate altar of the Wu Jian Council.
  4913 | D:6      | Reached XP level 8. HP: 47/52 MP: 11/11
  4917 | D:6      | Noticed Edmund
  4950 | D:6      | Reached **** piety under Hepliaklqana
  4961 | D:6      | Found a transporter.
  5011 | D:6      | Noticed KimchiStew's ghost (novice DgFi)
  5019 | D:6      | Noticed a hornet
  5057 | D:6      | Found a transporter.
  5062 | D:6      | Found a transporter.
  5068 | D:6      | Noticed Menkaure
  5070 | D:6      | Killed Menkaure
  5140 | D:6      | Reached skill level 1 in Spellcasting
  5185 | D:6      | Killed Edmund
  5237 | D:6      | Noticed Jeremiah
  5244 | D:6      | Killed Jeremiah
  5245 | D:6      | Reached skill level 5 in Spellcasting
  5316 | D:5      | Learned a level 2 spell: Blink
  5372 | D:6      | Found a sparkling altar of Nemelex Xobeh.
  5399 | D:6      | Reached skill level 5 in Dodging
  5399 | D:6      | Reached XP level 9. HP: 55/58 MP: 16/16
  5591 | D:6      | Found a transporter.
  5828 | D:7      | Noticed Joseph
  5839 | D:7      | Killed Joseph
  5840 | D:7      | Reached skill level 5 in Fighting
  5923 | D:7      | Found a sacrificial altar of Ru.
  5926 | D:7      | Reached ***** piety under Hepliaklqana
  6030 | D:7      | Noticed a skeletal warrior
  6174 | D:7      | Found an iron altar of Okawaru.
  6180 | D:7      | Identified the +7 falchion of the Omega Point {heavy, rF+
                  | Dex+2}
  6207 | D:7      | Identified the ring "Omacwib" {Fly rC++}
  6243 | D:7      | Found a staircase to the Ecumenical Temple.
  6553 | D:8      | Found a flagged portal.
  6589 | Bailey   | Entered a bailey
  6654 | Bailey   | Gained mutation: When hurt, damage is shared between your
                  | health and your magic reserves. [demonic ancestry]
  6654 | Bailey   | Reached XP level 10. HP: 69/69 MP: 17/17
  6729 | Bailey   | Noticed an orc knight
  6813 | Bailey   | Killed an orc knight
  6850 | Bailey   | Found a bloodstained altar of Trog.
  6857 | Bailey   | Got Hashruc's Volume of Dislocation
  7160 | D:8      | Found a shimmering blue altar of Sif Muna.
  7224 | D:8      | Reached skill level 5 in Evocations
  7391 | D:8      | Found a staircase to the Lair.
  7982 | D:8      | Upgraded the game from 0.31-a0-667-g39726597b9 to
                  | 0.31-a0-672-g7da72447bb
  7992 | D:9      | Noticed Prince Ribbit
  8002 | D:9      | Killed Prince Ribbit
  8038 | D:9      | Noticed Pikel
  8056 | D:9      | Killed Pikel
  8331 | D:9      | Reached skill level 5 in Stealth
  8331 | D:9      | Gained mutation: Spells you cast may paralyse adjacent
                  | enemies. [demonic ancestry]
  8331 | D:9      | Reached XP level 11. HP: 74/74 MP: 18/18
  8409 | D:9      | Found a basalt altar of Yredelemnul.
  8589 | D:9      | Found a staircase to the Orcish Mines.
  8602 | D:9      | Reached skill level 10 in Stealth
  8602 | D:9      | Gained mutation: Spells you cast may paralyse nearby
                  | enemies. [demonic ancestry]
  8602 | D:9      | Reached XP level 12. HP: 78/80 MP: 19/19
  9188 | D:10     | Entered Level 10 of the Dungeon
  9201 | D:10     | Found a shadowy altar of Dithmenos.
  9253 | D:10     | Identified the +4 sling of Patterns {freeze, rElec rCorr}
  9276 | D:10     | Reached skill level 1 in Translocations
  9279 | D:10     | Noticed a centaur warrior
  9304 | D:10     | Found a transporter.
  9307 | D:10     | Found a transporter.
  9777 | Lair:1   | Entered Level 1 of the Lair of Beasts
 11209 | Lair:2   | Found a staircase to the Shoals.
 11302 | Lair:2   | Found a hole to the Spider Nest.
 11380 | Lair:2   | Identified a scroll of acquirement
 11380 | Lair:2   | Acquired the ring of Xom's Amusement {Str+6 Int+6}
 11877 | Lair:2   | Reached XP level 13. HP: 84/84 MP: 21/21
 12973 | Lair:3   | Learned a level 3 spell: Mephitic Cloud
 13023 | Lair:3   | Reached skill level 1 in Poison Magic
 13028 | Lair:3   | Reached skill level 1 in Air Magic
 13162 | Lair:3   | Reached ****** piety under Hepliaklqana
 14447 | Lair:4   | Reached skill level 1 in Conjurations
 14786 | Lair:4   | Learned a level 3 spell: Confusing Touch
 15012 | Lair:4   | Reached skill level 1 in Hexes
 15181 | Lair:5   | Entered Level 5 of the Lair of Beasts
 15350 | Lair:5   | Reached skill level 2 in Hexes
 15364 | Lair:5   | Reached skill level 3 in Hexes
 15454 | Lair:5   | Reached skill level 4 in Hexes
 15607 | Lair:5   | Reached skill level 5 in Hexes
 15839 | Lair:5   | Gained mutation: When low on magic, you restore magic in
                  | place of health. [demonic ancestry]
 15839 | Lair:5   | Reached XP level 14. HP: 90/90 MP: 23/23
 15903 | Lair:5   | Identified the ring "Nyh Ined" {Drain rC++ rN+ rCorr Dex+4}
 15984 | Lair:5   | Reached skill level 6 in Hexes
 16280 | Lair:5   | Reached skill level 7 in Hexes
 16996 | Lair:5   | Reached skill level 8 in Hexes
 17805 | Lair:5   | Got the Incunable of Mortification and the Retinue
 18960 | D:11     | Identified the +0 robe of Twilight {rF+ Will+}
 19035 | D:11     | Noticed Nergalle
 19897 | D:12     | Noticed Fannar
 19912 | D:12     | Killed Fannar
 19991 | D:12     | Noticed Josephine
 20007 | D:12     | Reached skill level 9 in Hexes
 20022 | D:12     | Killed Josephine
 20535 | D:12     | Noticed Lodul
 20585 | D:12     | Killed Lodul
 20970 | D:12     | Noticed Nessos
 20978 | D:12     | Killed Nessos
 20979 | D:12     | Reached skill level 10 in Hexes
 21646 | D:13     | Found Bushriow's Tremendous Tomes.
 22103 | D:13     | Gained mutation: You are partially covered in large bone
                  | plates. (SH +4) [demonic ancestry]
 22103 | D:13     | Reached XP level 15. HP: 44/101 MP: 13/24
 22280 | D:13     | Noticed Maurice
 22289 | D:13     | Killed Maurice
 22509 | D:13     | Reached skill level 11 in Hexes
 23177 | Orc:1    | Entered Level 1 of the Orcish Mines
 23841 | Orc:1    | Paralysed by an orc sorcerer for 2 turns
 24269 | Orc:1    | Noticed Erica
 24287 | Orc:1    | Killed Erica
 24487 | Orc:2    | Entered Level 2 of the Orcish Mines
 24507 | Orc:2    | Paralysed by an orc sorcerer for 2 turns
 24811 | Orc:2    | Reached skill level 10 in Dodging
 25417 | Orc:2    | Found Kevyxoph's General Store.
 25542 | Orc:2    | Found a staircase to the Elven Halls.
 25619 | Orc:2    | Found Jeapreara's Book Boutique.
 25672 | Orc:2    | Found Ryib's Antique Armour Shop.
 25697 | Orc:2    | Found Anuth's Antique Weapon Shop.
 25709 | Orc:2    | Gained mutation: Armour fits poorly on your strangely
                  | shaped body. [a neqoxec]
 25791 | Orc:2    | Bought a crude dagger for 217 gold pieces
 25791 | Orc:2    | Identified the +3 dagger of Jiczyisi {flame, rF+ Int-5
                  | Dex+4} (You bought it in a shop on level 2 of the Orcish
                  | Mines)
 26528 | D:14     | Found a gate to the Vaults.
 26545 | D:14     | Reached skill level 10 in Invocations
 27086 | D:14     | Found a hide-covered altar of Uskayaw.
 27771 | D:15     | Entered Level 15 of the Dungeon
 28208 | D:15     | Identified the +0 robe "Ruodesch" {Slay+3 Stlth+}
 28252 | D:15     | Found a staircase to the Depths.
 29052 | Shoals:1 | Entered Level 1 of the Shoals
 29706 | D:6      | Killed KimchiStew's ghost
 29707 | D:6      | Reached skill level 10 in Fighting
 29707 | D:6      | Gained mutation: You have hoof-like feet. [demonic
                  | ancestry]
 29707 | D:6      | Reached XP level 16. HP: 109/109 MP: 25/25
 29835 | D:7      | Got Zoenn's Volume of the Inflammable Compass
 29844 | D:7      | Identified the +1 scale mail "Jumnotwe" {rC+}
 31675 | Shoals:2 | Found Cakkot's Overcharged Wands.
 32532 | Shoals:3 | Noticed Polyphemus
 33014 | Shoals:3 | Noticed Roxanne
 33472 | Shoals:3 | Killed Polyphemus
 33698 | Shoals:3 | Found Papp's Book Shop.
 33717 | Shoals:3 | Bought a book of Burglary for 320 gold pieces
 33720 | Shoals:3 | Learned a level 2 spell: Ensorcelled Hibernation
 33722 | Shoals:3 | Learned a level 1 spell: Apportation
 33726 | Shoals:3 | Learned a level 3 spell: Swiftness
 33729 | Shoals:3 | Learned a level 2 spell: Passwall
 33969 | Shoals:4 | Entered Level 4 of the Shoals
 35013 | Shoals:4 | Paralysed by an air elemental for 1 turns
 35018 | Shoals:4 | Paralysed by an air elemental for 1 turns
 35522 | Shoals:4 | Reached skill level 12 in Hexes
 35685 | Shoals:4 | Paralysed by an air elemental for 1 turns
 35791 | Shoals:4 | Paralysed by an air elemental for 1 turns
 35795 | Shoals:4 | Paralysed by an air elemental for 1 turns
 35797 | Shoals:4 | Paralysed by an air elemental for 1 turns
 35800 | Shoals:4 | Paralysed by an air elemental for 1 turns
 35888 | Shoals:4 | Noticed Mlioglotl
 35901 | Shoals:4 | Killed Mlioglotl
 35968 | Shoals:4 | Identified the ring "Ujeimnit" {rElec rN+ rCorr}
 36055 | Shoals:4 | Gained mutation: Spells you cast and wands you use may
                  | paralyse nearby enemies. [demonic ancestry]
 36055 | Shoals:4 | Reached XP level 17. HP: 72/117 MP: 18/28
 36325 | Shoals:4 | Paralysed by an air elemental for 1 turns
 36536 | Shoals:4 | Noticed a titan
 36546 | Shoals:4 | Killed a titan
 36561 | Shoals:4 | Got a barnacled rune of Zot
 36599 | Shoals:4 | Got the Handbook of the Baleful Birds
 37148 | Spider:1 | Entered Level 1 of the Spider Nest
 37706 | Lair:2   | Reached skill level 13 in Hexes
 39227 | Spider:1 | Acquired the scarf "Utsat" {repulsion, Slay+2}
 39868 | Spider:2 | HP: 4/117 [something (6)]
 40459 | Spider:2 | Reached skill level 14 in Hexes
 40556 | Spider:2 | Noticed Arachne
 40713 | Elf:1    | Entered Level 1 of the Elven Halls
 41658 | Elf:1    | Found Gamumuup's Book Boutique.
 41865 | Elf:1    | Reached skill level 1 in Shields
 42230 | Elf:1    | Paralysed by an orc sorcerer for 5 turns
 42494 | Elf:1    | Reached skill level 10 in Short Blades
 42831 | Vaults:1 | Entered Level 1 of the Vaults
 43092 | Vaults:1 | Gained mutation: You are mostly covered in large bone
                  | plates. (SH +6) [demonic ancestry]
 43092 | Vaults:1 | Reached XP level 18. HP: 110/126 MP: 29/31
 43765 | Vaults:1 | Reached skill level 5 in Shields
 44339 | Vaults:1 | Upgraded the game from 0.31-a0-672-g7da72447bb to
                  | 0.31-a0-675-g238779eb0a
 44937 | Vaults:2 | Reached skill level 15 in Fighting
 45156 | Vaults:2 | Got Nywag's Octavo of Anthracomancy
 45522 | Vaults:2 | Reached skill level 15 in Hexes
 45818 | Vaults:2 | Learned a level 4 spell: Anguish
 45922 | Vaults:2 | Found a staircase to the Crypt.
 45922 | Vaults:2 | Found an ancient bone altar of Kikubaaqudgha.
 45923 | Vaults:2 | Found a basalt altar of Yredelemnul.
 46608 | Vaults:2 | Identified the +2 tower shield of Kysonebu {rF+}
 46608 | Vaults:2 | Noticed Mennas
 46617 | Vaults:2 | Killed Mennas
 47032 | Vaults:2 | Reached XP level 19. HP: 142/142 MP: 32/32
 47480 | Vaults:3 | Reached skill level 16 in Hexes
 48197 | Vaults:3 | Reached skill level 1 in Necromancy
 48602 | Vaults:3 | Identified the ring "Asagaofa" {Fly MP+9}
 48641 | Vaults:3 | Found Fuutorph's Antique Armour Boutique.
 48649 | Vaults:3 | Bought a pair of glowing gloves for 202 gold pieces
 48685 | Vaults:3 | Bought a faintly glowing scale mail for 243 gold pieces
 48685 | Vaults:3 | Identified the +5 scale mail of Spite {-Cast rF+ Will+
                  | rCorr} (You bought it in a shop on level 3 of the Vaults)
 48688 | Vaults:3 | Bought an ichor-stained scale mail for 243 gold pieces
 48688 | Vaults:3 | Identified the +1 scale mail of Greed {rCorr Dex+2 Stlth+}
                  | (You bought it in a shop on level 3 of the Vaults)
 48987 | Vaults:3 | Reached skill level 10 in Spellcasting
 49188 | Vaults:3 | Reached skill level 17 in Hexes
 49292 | Vaults:3 | Learned a level 7 spell: Enfeeble
 49327 | Vaults:4 | Found a gateway to a bazaar.
 49349 | Bazaar   | Entered a bazaar
 49349 | Bazaar   | Found Mimaemoem's Assorted Antiques.
 49349 | Bazaar   | Found Cilaoger's Antique Weapon Shop.
 49349 | Bazaar   | Found Hishrie's Antique Armour Shoppe.
 49351 | Bazaar   | Found Guiw Axu's Distillery.
 49351 | Bazaar   | Found Zifomuef's Book Shop.
 49372 | Bazaar   | Bought a runed robe for 111 gold pieces
 49375 | Bazaar   | Bought a potion of resistance for 120 gold pieces
 49375 | Bazaar   | Bought a potion of heal wounds for 60 gold pieces
 49375 | Bazaar   | Bought a potion of curing for 36 gold pieces
 49375 | Bazaar   | Bought a potion of curing for 36 gold pieces
 49375 | Bazaar   | Bought a potion of curing for 36 gold pieces
 49375 | Bazaar   | Bought a potion of invisibility for 96 gold pieces
 49386 | Bazaar   | Bought a scroll of blinking for 90 gold pieces
 50062 | Vaults:4 | Paralysed by a great orb of eyes for 3 turns
 50362 | Vaults:4 | Reached XP level 20. HP: 138/149 MP: 32/35
 50708 | Vaults:4 | Noticed Aizul
 50732 | Vaults:4 | Killed Aizul
 51215 | Vaults:4 | Reached skill level 18 in Hexes
 51871 | Elf:1    | Found a runed translucent gate.
 51871 | Elf:1    | Found a runed translucent gate.
 51871 | Elf:1    | Found a runed translucent gate.
 51871 | Elf:1    | Found a runed translucent gate.
 51871 | Elf:1    | Found a runed translucent gate.
 51872 | Elf:1    | Found a runed translucent gate.
 52021 | Elf:2    | Found a crumbling gateway.
 52071 | Desolati | Entered the Desolation of Salt
 52171 | Desolati | Got the Precepts of the Conjured Entourage
 52174 | Desolati | Identified the amulet "Okuym" {Spirit Fly}
 52180 | Desolati | Identified the amulet of Kistoo {Acrobat Str+4}
 53003 | Desolati | Identified the ring of Equivalence {rF+ rC+ rN++ MP+9 Dex-2
                  | Stlth+}
 53007 | Desolati | Got the Omnibus of Spatial Assaults
 53012 | Desolati | Got the Lectures on Viperous Conjuration
 53015 | Desolati | Got the Papyrus of the Shapeshifter and Scree
 53020 | Desolati | Got the Annotations on Assembled Clay
 53023 | Desolati | Got Ytasoq's Parchment of Power and Shadows
 53732 | Desolati | Found the +3 Mad Mage's Maulers {Infuse+∞ VampMP -Cast}
 53747 | Desolati | Got the Parchment of the Breezy Lithosphere
 54298 | Elf:2    | Found a runed translucent gate.
 54299 | Elf:2    | Found a runed translucent gate.
 54299 | Elf:2    | Found a runed translucent gate.
 55101 | Elf:3    | Entered Level 3 of the Elven Halls
 55224 | Abyss:2  | Cast into level 2 of the Abyss (a deep elf sorcerer)
 55276 | Abyss:2  | Found a corrupted altar of Lugonu.
 55297 | Abyss:2  | Found a viscous altar of Jiyva.
 55315 | Abyss:2  | Found a corrupted altar of Lugonu.
 55481 | Abyss:2  | Gained mutation: You are dopey. (Int -2) [a neqoxec]
 55676 | Abyss:2  | HP: 5/148 [Executioner (18)]
 55677 | Abyss:2  | Demolished by an Executioner

Illustrated notes

Levels and vault maps discovered:
D:1:      dpeg_arrival_another_circle, layout_loops_corners
D:2:      layout_loops_ring, shapermc_ecumenical_altar_ellora, uniq_sigmund
D:3:      layout_loops_ring, chequers_temple_overflow_statue_of_worship
D:4:      layout_basic, fedhas_ov_isle_minmay
D:5:      layout_loops_cross, nicolae_wu_jian_immortal_techniques,
          mainiacjoe_overflow_24_doors, chequers_serial_rivers_micro_e
D:6:      gammafunk_cloud_chamber, layout_gridville,
          mainiacjoe_overflow_six_doors_small, gammafunk_ghost_hive,
          minivault_23, uniq_edmund, uniq_menkaure, uniq_jeremiah
D:7:      minmay_the_grid_four_pointed_star
          [minmay_the_grid_triangle_9x9_minimal,
          minmay_the_grid_triangle_9x9_impossible_snake,
          minmay_the_grid_triangle_9x9_pentomino_pain,
          minmay_the_grid_triangle_9x9_descending_squares,
          minmay_the_grid_prize_four_corners_diamond_b], layout_basic,
          okawaru_ov_weapons_minmay, tso_altar,
          nicolae_ru_great_annihilating_truth, minmay_temple_entry_large_hall,
          grunt_ministairs_3, uniq_joseph
D:8:      layout_loops_corners, mainiacjoe_overflow_tiny_flanked,
          dpeg_oklobed_lair, enter_bailey_3, st_stairs_3
D:9:      layout_loops_corners, lemuel_mausoleum_altar_yredelemnul, david_orc_5,
          uniq_prince_ribbit1, uniq_pikel
D:10:     gammafunk_sealed_arena, layout_rooms, grunt_dithmenos_smoke
D:11:     layout_stronghold, uniq_nergalle
D:12:     layout_layer_cave, uniq_nessos, uniq_josephine, uniq_fannar,
          uniq_lodul
D:13:     layout_loops_corners, nicolae_shop_i_like_big_books, glass_columns_a,
          uniq_maurice
D:14:     minmay_connected_triangles_in_corner, layout_irregular_city,
          david_vaults_5, nicolae_uskayaw_murder_on_the_dancefloor
D:15:     hangedman_depths_entry_try_elsewhere_first, layout_loops_corners,
          serial_glass, glass_columns_c, glass_columns_a, item_on_display_a
Lair:1:   layout_regular_city
Lair:2:   layout_roguey, elwin_shoals_entry_stream, dummy_spider_entry,
          worms_lemuel, grunt_megastairs_3
Lair:3:   layout_cellular_growth, special_room [special_room_bee]
Lair:4:   layout_misc_corridors, minmay_slime_entry_oklob_enclosed
Lair:5:   due_jungle_book, layout_cellular_growth, chequers_serial_rivers_marsh,
          grunt_megastairs_4
Shoals:1: layout_shoals
Shoals:2: layout_shoals, nicolae_shop_overcharged_wands
Shoals:3: layout_shoals, serial_shops, shop, uniq_polyphemus, uniq_roxanne
Shoals:4: shoals_end_hellmonk_storm_palace [storm_palace_center_circular,
          storm_palace_corner_reverse_hut, storm_palace_corner_grid,
          storm_palace_corner_pillars, storm_palace_corner_reverse_hut],
          uniq_mlioglotl
Spider:1: layout_spider_delve
Spider:2: layout_spider_delve, nicolae_spider_bzzzt, uniq_arachne
Orc:1:    layout_caves, uniq_erica
Orc:2:    grunt_orc_gardens, layout_caves, grunt_orc_garden, grunt_orc_garden,
          grunt_orc_garden, grunt_orc_garden, nicolae_orc_tapped_out
Elf:1:    layout_loops_cross, serial_shops, nicolae_shop_waterfront,
          orc_legates, nicolae_elf_glass_and_crystal_pillar_1
Elf:2:    nicolae_elf_blades_crystal_corner, layout_loops_corners,
          portal_desolation_entry_salt
Elf:3:    minmay_elf_hall_spiked, layout_geoelf_octagon,
          nicolae_trove_entry_crystal, minmay_shop_grove
Vaults:1: hangedman_vaults_stitches, v_misc_1,
          nicolae_vaults_crenellated_ambush, v_misc_4,
          nicolae_vaults_shrinking_rooms_1, vaults_room_fours,
          nicolae_vaults_frosty_reception, nicolae_vaults_trapezoid_layered,
          nicolae_vaults_trapezoid_lopsided_4, nicolae_vaults_rhombus_7,
          ontoclasm_vaults_loading_screen, layout_vaults_ring
Vaults:2: v_misc_18, vaults_room_octagon, vaults_dpeg_spiral,
          grunt_vaults_diagonal, minmay_crypt_entry_necro_gods,
          vaults_room_guarded_vault, nicolae_vaults_little_squares_6,
          nicolae_vaults_more_shelving_2, nicolae_vaults_closet_pinwheel_2,
          v_misc_1, nicolae_vaults_stepped_doors, nicolae_vaults_alarming,
          layout_vaults_big_cross, uniq_mennas
Vaults:3: v_misc_11, nicolae_vaults_shock_wave, hangedman_vaults_trim,
          nicolae_vaults_network_periphery, vaults_mumra_minichess_inversion,
          vaults_room_boxed, v_alt_pattern_5, vaults_room_semicircle,
          nicolae_vaults_double_plus_2, v_misc_22, layout_vaults_big_room,
          serial_shops, shop
Vaults:4: nicolae_vaults_shipping_containers_1, nicolae_vaults_angled_halls,
          nicolae_vaults_house_1, v_misc_4, v_alt_pattern_2,
          nicolae_vaults_big_angled_halls, v_pattern_5,
          ontoclasm_vaults_loading_screen, layout_vaults_omnibox, serial_shops,
          bzr_entry_customers, uniq_aizul
Abyss:2:  base: Lair:1, due_exit_kobolds

Skill      XL: |  1  2  3  4  5  6  7  8  9 10 11 12 13 14 15 16 17 18 19 20 |
---------------+-------------------------------------------------------------+-----
Stealth        | 1 2 5 10 11 12 13 14 | 14.1
Short Blades   | 3 4 5 7 8 9 10 11 | 11.8
Dodging        | 3 4 5 6 9 11 12 13 | 13.5
Invocations    | 3 5 7 9 12 | 12.3
Armour         | 3 |  3.0
Evocations     | 3 7 9 |  9.6
Spellcasting   | 5 6 7 9 11 13 | 13.0
Fighting       | 6 9 10 11 12 16 | 16.3
Translocations | 4 |  4.2
Poison Magic   | 4 |  4.0
Air Magic      | 4 |  4.4
Conjurations   | 2 |  2.2
Hexes          | 5 10 11 12 14 15 17 18 | 18.0
Shields        | 3 5 |  5.8
Necromancy     | 4 |  4.0

Action                     |  1- 3 |  4- 6 |  7- 9 | 10-12 | 13-15 | 16-18 | 19-21 || total
---------------------------+-------+-------+-------+-------+-------+-------+-------++-------
  Melee: Short sword       |   112 |   118 |   121 |       |       |       |       ||   351
         Kick              |    24 |    52 |   111 |   274 |   960 |   516 |   515 ||  2452
         Dagger            |       |       |   103 |   599 |  1718 |  1175 |   993 ||  4588
         Punch             |       |       |       |       |     2 |    13 |       ||    15
  Throw: Dart              |       |     1 |       |    13 |    20 |     1 |     2 ||    37
         Throwing net      |       |       |       |       |       |       |     4 ||     4
   Cast: Confusing Touch   |       |       |       |       |    31 |    17 |     1 ||    49
         Mephitic Cloud    |       |       |       |       |    46 |   107 |    19 ||   172
         Ensorcelled Hiber |       |       |       |       |       |   123 |    55 ||   178
         Blink             |       |       |       |       |       |     9 |     1 ||    10
         Anguish           |       |       |       |       |       |     2 |     3 ||     5
         Enfeeble          |       |       |       |       |       |       |     7 ||     7
 Invoke: Recall Ancestor   |     1 |       |     1 |       |     3 |    17 |     7 ||    29
         Ancestor Life: He |     1 |       |       |       |       |       |       ||     1
         Idealise          |       |       |       |       |     1 |     6 |     3 ||    10
  Evoke: Wand              |       |       |    11 |     2 |    11 |    16 |     4 ||    44
         Lightning rod     |       |       |       |       |       |     4 |       ||     4
         Sack of spiders   |       |       |       |       |       |     4 |     2 ||     6
         Phial of floods   |       |       |       |       |       |     2 |     1 ||     3
    Use: Scroll            |       |     2 |    13 |     7 |    14 |     4 |     7 ||    47
         Potion            |       |       |       |     3 |     5 |     9 |     8 ||    25
   Stab: Confused          |       |     6 |     2 |    14 |    81 |    98 |    60 ||   261
         Sleeping          |       |     1 |       |       |     2 |    53 |    19 ||    75
         Distracted        |       |       |     2 |    11 |    27 |    22 |    27 ||    89
         Paralysed         |       |       |     1 |       |    36 |   114 |    57 ||   208
         Petrified         |       |       |       |       |     1 |       |       ||     1
         Invisible         |       |       |       |       |     7 |     2 |     2 ||    11
         Held in net/web   |       |       |       |       |       |     1 |     1 ||     2
 Armour: Robe              |    53 |    20 |       |       |   446 |   606 |   291 ||  1416
         Ring mail         |       |    17 |    53 |   174 |    86 |       |       ||   330
  Dodge: Dodged            |    70 |    79 |   179 |   358 |  1067 |   841 |   541 ||  3135
         Repelled          |       |       |       |       |       |     5 |     9 ||    14
  Block: Orb               |       |       |       |       |    63 |       |       ||    63
         Other             |       |       |       |       |    12 |    94 |       ||   106
         Buckler           |       |       |       |       |       |   167 |   405 ||   572
         Reflection        |       |       |       |       |       |    12 |    14 ||    26

Table legend: (Time is in decaauts)
 A = Elapsed time spent in this place.
 B = Non-inter-level travel time spent in this place.
 C = Inter-level travel time spent in this place.
 D = Time resting spent in this place.
 E = Time spent auto-exploring this place.
 F = Levels seen in this place.
 G = Mean time per level.
                   A        B        C        D        E       F      G
               +--------+--------+--------+--------+--------+-----+--------+
         Total |  53727 |  50908 |   2819 |  14938 |  23500 |  39 | 1377.6 |
       Dungeon |  19084 |  17501 |   1583 |   3272 |  10422 |  15 | 1272.3 |
          Lair |   9556 |   9039 |    517 |   3566 |   3803 |   5 | 1911.2 |
        Shoals |   6556 |   6409 |    147 |   2238 |   2357 |   4 | 1639.0 |
   Spider Nest |   2132 |   2086 |     46 |    772 |    591 |   2 | 1066.0 |
  Orcish Mines |   2668 |   2440 |    228 |   1180 |    739 |   2 | 1334.0 |
   Elven Halls |   2894 |   2847 |     47 |    816 |   1340 |   3 |  964.7 |
        Vaults |   8382 |   8134 |    248 |   2269 |   3929 |   4 | 2095.5 |
         Abyss |    433 |    433 |      0 |     92 |      0 |   1 |  433.0 |
        Bazaar |     46 |     46 |      0 |      0 |     32 |   1 |   46.0 |
        Bailey |    287 |    287 |      0 |     52 |     62 |   1 |  287.0 |
    Desolation |   1684 |   1684 |      0 |    680 |    223 |   1 | 1684.0 |
               +--------+--------+--------+--------+--------+-----+--------+

Top non-repeatable levels by time:
  Lair:2: 3114 daAuts
  Lair:5: 2835 daAuts
Vaults:2: 2755 daAuts
Shoals:4: 2666 daAuts
     D:9: 2361 daAuts
Vaults:4: 2077 daAuts
Vaults:3: 1849 daAuts
    D:13: 1741 daAuts
Shoals:3: 1727 daAuts
Vaults:1: 1699 daAuts
Desolation: 1684 daAuts
    D:12: 1637 daAuts
  Lair:3: 1548 daAuts
    D:11: 1541 daAuts
   Elf:1: 1539 daAuts
